 Dungeon Crawl Stone Soup version 0.30-a0-137-gd8773701ce (webtiles) character file.

Game seed: 15275340857477841632

30506 LnG the Covert (level 13, 0/69 HPs)
             Began as a Kobold Summoner on Sept 21, 2022.
             Was a Believer of Yredelemnul.
             Hit by a silver javelin thrown by a minotaur (25 damage)
             ... in a Gauntlet.
             The game lasted 01:37:55 (19650 turns).

LnG the Covert (Kobold Summoner)                   Turns: 19650, Time: 01:38:03

Health: 0/69       AC:  8    Str:  5    XL:     13   Next: 89%
Magic:  22/28      EV: 19    Int: 21    God:    Yredelemnul [**....]
Gold:   872        SH:  0    Dex: 16    Spells: 15/34 levels left

rFire   + . .      SeeInvis .    E - +7 dagger (protect)
rCold   x . .      Faith    .    (no shield)
rNeg    . . .      Spirit   .    a - +0 robe
rPois   .          Reflect  .    n - +0 helmet
rElec   .          Harm     .    h - +0 cloak
rCorr   .          Rampage  .    N - +0 pair of gloves
Will    .....      NoTele   +    H - +2 pair of boots {Stlth+}
Stlth   +++++++...               o - amulet of magic regeneration
HPRegen 0.21/turn                r - ring of wizardry
MPRegen 0.61/turn                u - ring of fire

@: no status effects
A: small, no large weapons, nightstalker 3
a: Renounce Religion, Recall Undead Harvest, Dark Bargain


You were in a Gauntlet.
You worshipped Yredelemnul.
Yredelemnul was aware of your devotion.
You visited 2 branches of the dungeon, and saw 16 of its levels.
You also visited: Ossuary and Gauntlet.

You collected 958 gold pieces.
You spent 86 gold pieces at shops.

Inventory:

Hand Weapons
 E - a +7 dagger of protection (weapon)
Missiles
 M - a throwing net
Armour
 a - a +0 robe (worn)
 h - a +0 cloak (worn)
 n - a +0 helmet (worn)
 H - a +2 pair of boots of stealth (worn)
 N - a +0 pair of gloves (worn)
Jewellery
 o - an amulet of magic regeneration (around neck)
 r - a ring of wizardry (left hand)
 u - a ring of fire (right hand)
 w - a +4 ring of evasion
 C - a ring of positive energy
 G - an amulet of the acrobat
Wands
 d - a wand of flame (22)
 g - a wand of mindburst (8)
 j - a wand of charming (21)
 I - a wand of iceblast (6)
 L - a wand of quicksilver (10)
Scrolls
 i - 8 scrolls of teleportation
 k - 2 scrolls of fear
 p - 4 scrolls of poison
 t - 5 scrolls of identify
 v - 3 scrolls of fog
 y - 4 scrolls of blinking
 A - 2 scrolls of vulnerability
 B - a scroll of silence
 J - a scroll of torment
 O - 3 scrolls of immolation
 P - a scroll of magic mapping
 R - a scroll of summoning
Potions
 b - a potion of magic
 c - 2 potions of brilliance
 e - 4 potions of lignification
 f - 2 potions of might
 l - 2 potions of flight
 m - 4 potions of curing
 q - 2 potions of ambrosia
 s - 2 potions of attraction
 x - 6 potions of haste
 z - a potion of heal wounds
 D - 4 potions of mutation
 K - a potion of cancellation
Miscellaneous
 Q - a box of beasts


   Skills:
 + Level 3.5 Fighting
 + Level 7.4 Short Blades
 + Level 8.1 Dodging
 + Level 13.0 Stealth
 + Level 11.4 Spellcasting
 + Level 5.8 Hexes
 + Level 11.7 Summonings
 + Level 1.4 Air Magic
 * Level 9.8 Invocations


You had 15 spell levels left.
You knew the following spells:

 Your Spells              Type           Power      Damage    Failure   Level
a - Summon Small Mammal   Summ           100%       N/A       1%          1
b - Call Imp              Summ           57%        N/A       1%          2
c - Call Canine Familiar  Summ           57%        N/A       1%          3
d - Summon Guardian Gole  Hex/Summ       48%        N/A       1%          3
e - Summon Lightning Spi  Summ/Air       39%        N/A       1%          4
f - Summon Cactus Giant   Summ           28%        N/A       2%          6

Your spell library contained the following spells:

 Spells                   Type           Power      Damage    Failure   Level
 Confusing Touch          Hex            36%        N/A       1%          3
 Portal Projectile        Hex/Tloc       48%        N/A       1%          3
 Scorch                   Fire           36%        2d7       3%          2
 Gell's Gravitas          Tloc           12%        N/A       7%          3
 Lesser Beckoning         Tloc           12%        N/A       7%          3
 Teleport Other           Tloc           12%        N/A       7%          3
 Leda's Liquefaction      Hex/Erth       12%        N/A       7%          4
 Yara's Violent Unravell  Hex/Tmut       12%        3d7       19%         5
 Flame Wave               Conj/Fire      18%        2d7       22%         4
 Enfeeble                 Hex            18%        N/A       83%         7
 Chain Lightning          Conj/Air       7%         3d10      100%        9
 Fire Storm               Conj/Fire      9%         8d2       100%        9
 Shatter                  Erth           6%         3d9*      100%        9


Dungeon Overview and Level Annotations

Branches:
Dungeon (15/15)            Temple (1/1) D:5            Lair (0/5) D:10
    Orc (0/2) D:11         Vaults (0/5) D:14         Depths (0/4) D:15
Ossuary (visited)         Gauntlet (1/1)

Altars:
Ashenzari
Cheibriados
Dithmenos
Elyvilon
Fedhas
Gozag
Hepliaklqana
Kikubaaqudgha
Makhleb
Nemelex Xobeh
Okawaru
Qazlal
Ru
Sif Muna
Trog
Uskayaw
Vehumet
Wu Jian
Xom
Yredelemnul
Zin
The Shining One

Shops:
D:9 *

Annotations:
Gauntlet 5 transporters, 2 runed translucent doors


Innate Abilities, Weirdness & Mutations

You are small and have problems with some larger weapons.
You are completely attuned to the shadows.


Message History

The minotaur hits you from afar with a +0 demon trident of electrocution!!
Unknown command.
You swap places.
The minotaur blocks your warg's attack.
The minotaur throws a silver javelin.
The silver javelin pierces through your warg!
The silver javelin pierces through you!
You swap places.
The minotaur blocks your warg's attack. x2
The minotaur hits you from afar with a +0 demon trident of electrocution.
You swap places.
Your warg cocks its head sideways at you.
The minotaur blocks your warg's attack. The minotaur misses your warg.
The minotaur gores your warg!
Your warg dies!
Your warg's corpse disappears in a puff of smoke!
The minotaur throws a silver javelin.
The silver javelin pierces through your quokka!
Your quokka dies!
Your quokka's corpse disappears in a puff of smoke!
The silver javelin misses you.
Unknown command.
The minotaur throws a silver javelin.
The silver javelin pierces through your guardian golem!!
The silver javelin completely misses you.
Your guardian golem overheats!
Unknown command.
Something hits your guardian golem!!
Your guardian golem disappears in a puff of smoke!
Your guardian golem explodes!
The fiery explosion engulfs your moth of wrath zombie!
Your moth of wrath zombie is engulfed in blazing flames.
Unknown command.
Casting: Summon Guardian Golem (safe; 1% risk of failure)
Confirm with . or Enter, or press ? or * to list all spells.
The minotaur is engulfed in blazing flames.
The minotaur throws a silver javelin.
The silver javelin completely misses your jelly zombie.
The silver javelin pierces through your moth of wrath zombie!
The silver javelin pierces through you!!
You die...
Your body rises from the dead as a mindless zombie.

.................................
≈#≈≈≈#≈≈≈#...8⌠8..8∩8..8⌠8...#≈≈≈
###≈###≈###.................###≈#
# ### ### ################### ###
#≈...............≈#
#≈≈..8©8©8©8©8©8..≈≈#
##≈......Z..Z.....≈##
##.#.#######.#. # #Z@Z§# .#
#C##Z# # #..h.Z.H. #.#..##'##
#.#..# .8 # ...#


You could see a minotaur (ally target), a friendly cactus giant (summoned), a
friendly wolf (summoned), a friendly jelly zombie, a friendly slime creature
zombie and a friendly moth of wrath zombie.

Vanquished Creatures
  A centaur warrior (D:13)
  A two-headed ogre (D:11)
  2 deep elf pyromancers
  2 ugly things
  A moth of wrath (Gauntlet)
  A tengu conjurer (D:13)
  A hornet (D:9)
  2 trolls
  A shadow (D:9)
  A vampire (D:10)
  A wyvern (D:11)
  7 yaks
  A nameless horror (D:14)
  A wraith (D:9)
  2 steam dragons
  2 acid dragons
  2 ice beasts (D:5)
  A black bear (D:8)
  An ogre (D:5)
  2 centaurs (D:13)
  A bullfrog (D:8)
  8 scorpions
  2 wights
  5 killer bees
  2 howler monkeys
  2 jellies (D:6)
  A hound (D:6)
  An orc priest (D:11)
  Crazy Yiuf (D:3)
  An iguana (D:5)
  2 orc wizards
  A scorpion zombie (Ossuary)
  A mummy (Ossuary)
  2 gnolls (D:11)
  5 adders
  2 white imps
  2 dart slugs
  7 orcs
  2 bats
  5 endoplasms
  A giant cockroach (D:1)
  A gnoll zombie (Ossuary)
  4 goblins
  A hobgoblin (D:3)
  7 jackals
  A quokka (D:2)
  5 ball pythons
  A frilled lizard (D:1)
  A goblin zombie (Ossuary)
  2 kobolds (D:3)
  An orc zombie (Ossuary)
  3 rats
114 creatures vanquished.

Vanquished Creatures (collateral kills)
  Azrael (D:14)
  A fire dragon (D:13)
  A boulder beetle (D:13)
  A centaur warrior (D:14)
  A necromancer (D:14)
  A wizard (D:14)
  A deep elf pyromancer (D:14)
  6 ugly things
  A manticore (D:12)
  7 cyclopes
  An unseen horror (D:12)
  A tengu conjurer (D:13)
  2 trolls
  A meliai (D:14)
  5 slime creatures
  A shadow (D:10)
  2 vampires
  A basilisk (D:12)
  3 fire elementals (D:14)
  5 yaks
  2 vampire mosquitoes (D:14)
  A hell hound (D:14)
  A swamp worm (shapeshifter) (D:14)
  An ice beast (D:5)
  3 orc warriors (D:11)
  A sky beast (D:7)
  4 wolves (Gauntlet)
  7 centaurs
  An ogre (D:4)
  A kobold brigand (D:8)
  A necrophage (D:5)
  A bullfrog (D:7)
  4 gnoll sergeants
  4 scorpions
  2 wights (D:8)
  6 killer bees
  An electric eel (D:14)
  A centaur zombie (Ossuary)
  2 hounds
  4 human zombies (Ossuary)
  3 orc priests
  Ijyb (D:3)
  Terence (D:2)
  6 orc wizards
  3 scorpion zombies (Ossuary)
  2 mummies (Ossuary)
  12 gnolls
  3 white imps
  2 worms
  10 orcs
  7 bats
  2 endoplasms
  A gnoll zombie (Ossuary)
  5 hobgoblins
  3 jackals
  2 quokkas
  A ball python (D:2)
  A frilled lizard (D:1)
  2 goblins (D:3)
  9 kobolds
  A kobold zombie (Ossuary)
  An orc zombie (Ossuary)
169 creatures vanquished.

Vanquished Creatures (others)
  Snorg (D:10)
  3 ugly thing zombies
  2 meliai (D:14)
  2 meliai zombies (D:14)
  A slime creature (Gauntlet)
  An orc warrior (D:11)
  An elf zombie (D:14)
  A troll zombie (D:10)
  2 cyclops zombies (D:14)
  A scorpion (Ossuary)
  A hell hound zombie (D:14)
  A wight (D:8)
  2 centaur zombies (D:11)
  A jelly (Gauntlet)
  A human zombie (Ossuary)
  An orc priest (D:4)
  2 orc wizards
  A killer bee zombie (D:9)
  A gnoll (D:8)
  A spectral white imp (D:8)
  An orc (D:4)
  A kobold (D:8)
  5 gnoll zombies
  3 kobold zombies (D:8)
  11 orc zombies
  3 plants (D:7)
51 creatures vanquished.

Grand Total: 334 creatures vanquished

Notes
Turn   | Place    | Note
-------+----------+-------------------------------------------
     0 | D:1      | LnG the Kobold Summoner began the quest for the Orb.
     0 | D:1      | Reached XP level 1. HP: 10/10 MP: 3/3
   195 | D:1      | Reached XP level 2. HP: 14/15 MP: 1/5
   203 | D:1      | Learned a level 2 spell: Call Imp
   634 | D:1      | Reached XP level 3. HP: 19/19 MP: 2/6
   638 | D:1      | Learned a level 3 spell: Call Canine Familiar
  1363 | D:2      | Reached XP level 4. HP: 24/24 MP: 8/8
  1370 | D:2      | Learned a level 3 spell: Summon Guardian Golem
  1537 | D:2      | Noticed Terence
  1556 | D:2      | Killed Terence
  1557 | D:2      | Reached skill level 3 in Stealth
  2021 | D:3      | Reached skill level 1 in Short Blades
  2273 | D:3      | Noticed Ijyb
  2333 | D:3      | Killed Ijyb
  2334 | D:3      | Reached XP level 5. HP: 12/28 MP: 6/9
  2605 | D:3      | Reached skill level 5 in Summonings
  2796 | D:3      | Found a faded altar of an unknown god.
  2885 | D:3      | Reached XP level 6. HP: 33/33 MP: 8/11
  3067 | D:3      | Found a runed translucent door.
  3072 | D:3      | Noticed Crazy Yiuf
  3097 | D:3      | Killed Crazy Yiuf
  3667 | D:4      | Reached skill level 4 in Stealth
  3740 | D:4      | Found a sand-covered staircase.
  3749 | Ossuary  | Entered an ossuary
  4011 | Ossuary  | Reached XP level 7. HP: 37/37 MP: 11/13
  4088 | Ossuary  | Reached skill level 1 in Fighting
  4110 | Ossuary  | Reached skill level 5 in Stealth
  4251 | Ossuary  | Reached skill level 1 in Hexes
  4279 | Ossuary  | Reached XP level 8. HP: 26/43 MP: 13/15
  4673 | Ossuary  | Reached skill level 5 in Spellcasting
  4674 | Ossuary  | Reached skill level 6 in Stealth
  5482 | D:4      | Reached XP level 9. HP: 26/48 MP: 17/17
  5487 | D:4      | Learned a level 4 spell: Summon Lightning Spire
  5905 | D:5      | Entered Level 5 of the Dungeon
  6085 | D:5      | Reached skill level 7 in Stealth
  6816 | D:5      | Found a staircase to the Ecumenical Temple.
  6822 | Temple   | Entered the Ecumenical Temple
  7349 | Temple   | Became a worshipper of Yredelemnul the Dark
  7444 | D:6      | You fall into a shaft and drop 3 floors!
  7670 | D:6      | Reached skill level 8 in Stealth
  7994 | D:6      | Reached * piety under Yredelemnul
  7995 | D:6      | Reached skill level 1 in Invocations
  8460 | D:7      | Reached ** piety under Yredelemnul
  8460 | D:7      | Reached skill level 9 in Stealth
  8464 | D:7      | Reached skill level 5 in Dodging
  8819 | D:7      | Reached XP level 10. HP: 53/53 MP: 17/20
  8832 | D:7      | Reached *** piety under Yredelemnul
  9026 | D:7      | Found a stormy altar of Qazlal.
 11276 | D:9      | Found Wometh's CLEARANCE SALE!.
 11284 | D:9      | Bought a +2 pair of boots of stealth for 86 gold pieces
 11327 | D:9      | Reached skill level 11 in Stealth
 11327 | D:9      | Reached XP level 11. HP: 58/58 MP: 21/23
 11631 | D:9      | Found a broken altar of Ashenzari.
 11856 | D:9      | Reached **** piety under Yredelemnul
 11931 | D:10     | Entered Level 10 of the Dungeon
 11939 | D:10     | Noticed Snorg
 11947 | D:10     | Killed Snorg
 12283 | D:10     | Found a staircase to the Lair.
 12788 | D:10     | Reached XP level 12. HP: 64/64 MP: 24/24
 12965 | D:10     | Your ally Snorg died
 13462 | D:11     | Reached skill level 12 in Stealth
 13647 | D:11     | Noticed a two-headed ogre
 13652 | D:11     | Killed a two-headed ogre
 13653 | D:11     | Reached skill level 10 in Summonings
 13909 | D:11     | Identified the +4 mace of Intuition {vorpal, Contam rPois
                  | MP-9 Dex+8}
 14090 | D:11     | Learned a level 6 spell: Summon Cactus Giant
 14353 | D:11     | Found a staircase to the Orcish Mines.
 16576 | D:13     | Noticed a boulder beetle
 16610 | D:13     | Killed a boulder beetle
 16645 | D:13     | Noticed a fire dragon
 16665 | D:13     | Killed a fire dragon
 16666 | D:13     | Reached skill level 10 in Spellcasting
 17038 | D:13     | Reached skill level 1 in Air Magic
 17038 | D:13     | Reached XP level 13. HP: 68/68 MP: 27/27
 17098 | D:13     | Noticed a centaur warrior
 17117 | D:13     | Killed a centaur warrior
 17746 | D:14     | Noticed a centaur warrior
 17759 | D:14     | Killed a centaur warrior
 17760 | D:14     | Reached skill level 5 in Hexes
 18366 | D:14     | Found the +8 demon trident "Rift" {distort, reach+}
 18435 | D:14     | Found a gate to the Vaults.
 18733 | D:14     | Noticed Azrael
 18739 | D:14     | Killed Azrael
 18740 | D:14     | Reached ***** piety under Yredelemnul
 19091 | D:15     | Entered Level 15 of the Dungeon
 19242 | D:15     | Found a gate leading to a gauntlet.
 19248 | Gauntlet | Entered a Gauntlet
 19248 | Gauntlet | Found a transporter.
 19298 | Gauntlet | Noticed a catoblepas
 19299 | Gauntlet | Found a runed translucent door.
 19311 | Gauntlet | Found a transporter.
 19322 | Gauntlet | Found a runed translucent door.
 19327 | Gauntlet | Found a transporter.
 19339 | Gauntlet | Found a transporter.
 19352 | Gauntlet | Found a transporter.
 19365 | Gauntlet | Found a transporter.
 19431 | Gauntlet | Found the Hermit's pendant {Faith invo=14 evo=0 MP+5}
 19535 | Gauntlet | Found a transporter.
 19561 | Gauntlet | Reached skill level 13 in Stealth
 19569 | Gauntlet | Found a transporter.
 19577 | Gauntlet | Found a transporter.
 19588 | Gauntlet | Found a transporter.
 19636 | Gauntlet | Noticed a minotaur
 19650 | Gauntlet | Hit by a silver javelin thrown by a minotaur

Illustrated notes

Levels and vault maps discovered:
D:1:      nzn_arrival_water_spiral, layout_basic
D:2:      layout_loops_ring, uniq_terence
D:3:      layout_loops_ring, shapermc_ecumenical_altar_hornbeckon,
          uniq_crazy_yiuf_cottage, uniq_ijyb
D:4:      layout_basic, lightli_ossuary_entry_decrepit_ruins,
          minmay_misc_feat_diagonals
D:5:      layout_loops_ring, lemuel_temple_firewalk_a
D:6:      wander_river, layout_basic
D:7:      layout_basic, mainiacjoe_overflow_alcove_4
D:8:      layout_basic, minmay_checkerbox
D:9:      layout_loops_ring, mainiacjoe_overflow_surrounded_room,
          nicolae_shop_clearance
D:10:     layout_basic, lair_entry_dummy, uniq_snorg
D:11:     layout_roguey, david_orc_4
D:12:     layout_irregular_city
D:13:     layout_rooms, feat_on_display
D:14:     layout_rooms, david_vaults_1, minmay_crystal_water, uniq_azrael
D:15:     gammafunk_enter_depths_forms, layout_loops_corners,
          gauntlet_entry_generic, dreamdust_wishing_well,
          nicolae_diode_intersection
Temple:   mainiacjoe_temple_big_plus
Gauntlet: gammafunk_gauntlet_77_escape_option
          [minmay_gauntlet_arena_77_block_sizes,
          minmay_gauntlet_arena_77_mirror,
          minmay_gauntlet_arena_77_terracotta_army,
          minmay_gauntlet_arena_77_mess, minmay_gauntlet_arena_77_shame_cube,
          nicolae_gauntlet_exit_dead_adventurers]

Skill      XL: |  1  2  3  4  5  6  7  8  9 10 11 12 13 |
---------------+----------------------------------------+-----
Spellcasting   | 3 4 5 6 8 10 11 | 11.4
Dodging        | 3 4 5 7 8 |  8.1
Stealth        | 3 4 5 6 9 11 12 13 | 13.0
Short Blades   | 1 2 3 4 6 7 |  7.4
Summonings     | 5 6 7 9 10 11 | 11.7
Fighting       | 1 2 3 |  3.5
Hexes          | 1 4 5 |  5.8
Invocations    | 2 6 7 8 9 |  9.8
Air Magic      | 1 |  1.4

Action                   |  1- 3 |  4- 6 |  7- 9 | 10-12 | 13-15 || total
-------------------------+-------+-------+-------+-------+-------++-------
Melee: Dagger            |    54 |    80 |   180 |   128 |    61 ||   503
       Unarmed           |       |     1 |       |       |       ||     1
       Punch             |       |       |     4 |     3 |     3 ||    10
 Cast: Summon Small Mamm |    15 |     2 |     1 |     4 |     1 ||    23
       Call Imp          |     3 |     5 |     8 |    12 |     2 ||    30
       Call Canine Famil |     4 |    16 |    23 |    49 |    16 ||   108
       Summon Guardian G |       |     5 |    13 |    44 |    28 ||    90
       Summon Lightning  |       |       |     1 |     8 |     9 ||    18
       Summon Cactus Gia |       |       |       |     5 |    10 ||    15
Invok: Recall Undead Har |       |       |       |     1 |     1 ||     2
  Use: Potion            |       |     4 |       |     3 |     3 ||    10
       Scroll            |       |       |    23 |     4 |     6 ||    33
 Stab: Sleeping          |     7 |    16 |    30 |    22 |     6 ||    81
       Distracted        |     1 |     2 |     5 |     1 |     1 ||    10
Armor: Robe              |    29 |    11 |    49 |    29 |    22 ||   140
Dodge: Dodged            |    80 |    50 |   108 |   125 |    58 ||   421

Table legend: (Time is in decaauts)
 A = Elapsed time spent in this place.
 B = Non-inter-level travel time spent in this place.
 C = Inter-level travel time spent in this place.
 D = Time resting spent in this place.
 E = Time spent auto-exploring this place.
 F = Levels seen in this place.
 G = Mean time per level.
                   A        B        C        D        E       F      G
               +--------+--------+--------+--------+--------+-----+--------+
         Total |  19623 |  19076 |    547 |   4680 |   5935 |  18 | 1090.2 |
       Dungeon |  17638 |  17153 |    485 |   4153 |   5345 |  15 | 1175.9 |
        Temple |    550 |    488 |     62 |      0 |    472 |   1 |  550.0 |
       Ossuary |   1033 |   1033 |      0 |    527 |      0 |   1 | 1033.0 |
      Gauntlet |    400 |    400 |      0 |      0 |    118 |   1 |  400.0 |
               +--------+--------+--------+--------+--------+-----+--------+

Top non-repeatable levels by time:
    D:12: 1881 daAuts
     D:8: 1648 daAuts
    D:10: 1471 daAuts
     D:3: 1448 daAuts
     D:4: 1378 daAuts
    D:14: 1339 daAuts
    D:11: 1246 daAuts
    D:13: 1176 daAuts
     D:1: 1126 daAuts
     D:7: 1119 daAuts
 Ossuary: 1033 daAuts
     D:5: 955 daAuts
     D:9: 941 daAuts
     D:2: 922 daAuts
     D:6: 827 daAuts
